 Dungeon Crawl Stone Soup version 0.28-a0-1510-gd0f6b136d3 (webtiles) character file.

Game seed: 10303105234472505861

12521 comborobin the Basher (level 11, -1/77 HPs)
             Began as a Mummy Delver on Jan 15, 2022.
             Was an Elder of Cheibriados.
             Slain by a sun demon (18 damage)
             ... summoned by a kobold demonologist
             ... on level 11 of the Dungeon.
             The game lasted 00:22:51 (13520 turns).

comborobin the Basher (Mummy Delver)               Turns: 13520, Time: 00:22:52

Health: -1/77      AC: 14    Str: 26    XL:     11   Next: 63%
Magic:  26/27      EV: 12    Int: 24    God:    Cheibriados [****..]
Gold:   543        SH:  0    Dex: 26    Spells: 8/20 levels left

rFire   . . .      SeeInvis .   a - +3 dire flail (freeze)
rCold   + . .      Faith    .   (shield currently unavailable)
rNeg    + + +      Spirit   .   m - +2 leather armour {rF+}
rPois   ∞          Reflect  .   l - +0 helmet
rElec   .          Harm     .   z - +1 cloak
rCorr   .          Rampage  .   x - +0 pair of gloves
Will    +....                   v - +2 pair of boots
Stlth   +++.......              I - amulet of regeneration
HPRegen 1.02/turn               n - ring of magical power
MPRegen 0.20/turn               j - +6 ring of intelligence

@: very slow
A: cold resistance 1, negative energy resistance 3, torment resistance 2, heat
vulnerability 1, no potions
a: Renounce Religion, Bend Time, Temporal Distortion, Slouch


You were on level 11 of the Dungeon.
You worshipped Cheibriados.
Cheibriados was greatly pleased with you.
You visited 2 branches of the dungeon, and saw 9 of its levels.

You collected 543 gold pieces.

Inventory:

Hand Weapons
 a - a +3 dire flail of freezing (weapon)
 u - a +0 great mace
Missiles
 q - 2 throwing nets (quivered)
Armour
 d - a +2 kite shield
 k - a +0 leather armour
 l - a +0 helmet (worn)
 m - a +2 leather armour of fire resistance (worn)
 s - a +0 chain mail
 v - a +2 pair of boots (worn)
 x - a +0 pair of gloves (worn)
 z - a +1 cloak (worn)
 G - a +0 troll leather armour
Magical Staves
 i - a staff of conjuration
 r - a staff of fire
Jewellery
 c - a ring of protection from fire
 g - a ring of willpower
 j - a +6 ring of intelligence (right hand)
 n - a ring of magical power (left hand)
 D - a ring of wizardry
 I - an amulet of regeneration (around neck)
Wands
 e - a wand of digging (2)
 B - a wand of polymorph (8)
Scrolls
 b - 2 scrolls of fog
 f - 2 scrolls of immolation
 h - 2 scrolls of identify
 o - 2 scrolls of noise
 p - 3 scrolls of teleportation
 t - a scroll of silence
 w - a scroll of blinking
 y - a scroll of vulnerability
 A - a scroll of magic mapping
 H - a scroll of enchant armour
Miscellaneous
 C - a condenser vane (inert)
 F - a box of beasts (inert)


   Skills:
 - Level 4.0 Fighting
 + Level 9.3 Maces & Flails
 * Level 6.4 Armour
 - Level 1.5 Dodging
 - Level 4.1 Stealth
 - Level 5.1 Unarmed Combat
 - Level 5.0 Spellcasting
 - Level 2.0 Conjurations
 - Level 5.0 Necromancy
 - Level 2.0 Air Magic
 - Level 2.0 Poison Magic
 - Level 6.0 Invocations
 - Level 3.0 Evocations


You had 8 spell levels left.
You knew the following spells:

 Your Spells              Type           Power      Damage    Failure   Level
a - Sting                 Tmut/Pois      40%        1d5       6%          1
b - Corpse Rot            Necr/Air       44%        N/A       3%          2
c - Conjure Flame         Conj/Fire      10%        6-21      19%         3
d - Poisonous Vapours     Pois/Air       30%        N/A       6%          2
n - Dispel Undead         Necr           30%        3d14      12%         4

Your spell library contained the following spells:

 Spells                   Type           Power      Damage    Failure   Level
 Petrify                  Tmut/Erth      6%         N/A       67%         4
 Irradiate                Conj/Tmut      5%         3d15      87%         5
 Death Channel            Necr           15%        N/A       88%         6
 Fire Storm               Conj/Fire      5%         8d1       100%        9
 Sublimation of Blood     Necr           Unusable   N/A       N/A         2

Dungeon Overview and Level Annotations

Branches:
Dungeon (11/15)            Temple (1/1) D:6            Lair (0/6) D:8
    Orc: D:9-12

Altars:
Cheibriados
Dithmenos
Elyvilon
Fedhas
Gozag
Hepliaklqana
Kikubaaqudgha
Makhleb
Nemelex Xobeh
Okawaru
Qazlal
Ru
Sif Muna
Trog
Uskayaw
Vehumet
Wu Jian
Xom
Yredelemnul
Zin
The Shining One

Shops:
D:8 (

Annotations:
D:7 exclusions: door and 1 more exclusion


Innate Abilities, Weirdness & Mutations

You are immune to poison.
Your flesh is cold resistant. (rC+)
You are immune to negative energy. (rN+++)
You are immune to unholy pain and torment.
You are vulnerable to heat. (rF-)
You do not drink.


Message History

Things that are here:
a +0 club; 2 boomerangs; an orc corpse Unknown command.
Casting: Poisonous Vapours (safe; 6% risk of failure)
Confirm with . or Enter, or press ? or * to list all spells.
Okay, then.
Casting: Poisonous Vapours (safe; 6% risk of failure)
Confirm with . or Enter, or press ? or * to list all spells.
Aiming: Poisonous Vapours (safe; 6% risk of failure)
Press: ? - help, Dir - move target, f - kobold demonologist
Aim: a kobold demonologist, wielding a +0 dagger and wearing a +0 robe (wandering, hasn't noticed you) Poisonous vapours surround the kobold demonologist!
The kobold demonologist is poisoned.
The kobold demonologist shouts!
You hear a shout!
The kobold demonologist casts a spell.
The kobold demonologist shouts!
The kobold demonologist mumbles some strange words.
The iron imp hits you but does no damage.
The kobold demonologist hits you but does no damage.
You barely miss the kobold demonologist.
The kobold demonologist is lightly wounded.
The kobold demonologist casts a spell.
The sun demon hits you.
You are engulfed in flames!!
The iron imp spits at you. The iron imp hits you.
Unknown command.
Blink to where?
Press: ? - help, Dir - move target, p - kobold demonologist
As you read the scroll of blinking, it crumbles to dust.
A meliai zombie comes into view.
The kobold demonologist mumbles some strange words.
The sun demon hits you.
You are engulfed in flames!
The kobold demonologist mumbles some strange words.
The kobold demonologist hits you but does no damage.
The kobold brigand shouts!
Unknown command.
The sun demon hits you!!
* * * LOW HITPOINT WARNING * * *
You are engulfed in flames!!
You die...

............. ...... ........)...
...... ........... ......
.K..5.....# ###### ..KZ5....$#
....5.....#
...K...5..##############
.....K.K3.))............
....K..@................ ......
......5................. #....#
##########.#############
#8..8####≈≈≈≈≈≈≈#.##
#8..8#≈≈≈≈≈≈≈≈≈≈≈≈≈###
###≈..≈≈≈≈≈≈≈≈≈≈≈≈≈≈≈≈≈###
.≈≈≈..≈≈≈≈≈≈≈≈≈≈≈≈≈≈≈≈≈≈≈########
≈≈≈≈..≈≈≈≈≈≈≈...≈≈≈≈≈≈≈≈≈........
≈≈≈≈..≈≈≈≈.........≈≈≈≈≈≈........


You could see a sun demon (summoned), 4 kobold demonologists, a kobold brigand,
2 iron imps, 2 quasits, a shadow imp (summoned), a meliai zombie and a kobold.

Vanquished Creatures
  Harold (D:9)
  5 two-headed ogres
  An ugly thing (D:10)
  Psyche (D:9)
  A komodo dragon (D:8)
  A troll (D:10)
  A hornet (D:9)
  Sigmund (D:6)
  Eustachio (D:6)
  A shadow (D:9)
  9 yaks
  A basilisk (D:9)
  3 wyverns (D:9)
  Menkaure (D:4)
  An acid dragon (D:9)
  4 water moccasins
  8 orc warriors
  4 black bears
  3 necrophages
  4 ogres
  8 centaurs
  2 phantoms (D:6)
  3 kobold brigands
  A bullfrog (D:7)
  2 scorpions
  3 wyvern zombies
  A gnoll sergeant (D:7)
  A water moccasin zombie (D:5)
  A water moccasin skeleton (D:4)
  9 killer bees
  5 wights
  4 howler monkeys
  A bullfrog zombie (D:5)
  A bullfrog skeleton (D:5)
  A jelly (D:6)
  2 hounds
  7 orc priests
  An iguana (D:5)
  5 orc wizards
  Ijyb (D:4)
  3 killer bee zombies
  A hound zombie (D:5)
  2 howler monkey zombies
  7 gnolls
  2 adders
  A shadow imp (D:7)
  3 white imps
  2 adder skeletons (D:4)
  A worm (D:5)
  2 dart slugs
  26 orcs
  3 ball pythons (D:4)
  An endoplasm (D:4)
  A giant cockroach (D:4)
  2 goblins (D:4)
  3 hobgoblins (D:4)
  A jackal skeleton (D:4)
  8 kobolds
180 creatures vanquished.

Vanquished Creatures (others)
  37 plants
  8 withered plants (D:8)
45 creatures vanquished.

Grand Total: 225 creatures vanquished

Notes
Turn   | Place    | Note
-------+----------+-------------------------------------------
     0 | D:5      | comborobin the Mummy Delver began the quest for the Orb.
     0 | D:5      | Reached XP level 1. HP: 18/18 MP: 1/1
   146 | D:4      | Noticed an ogre
   150 | D:4      | Killed an ogre
   151 | D:4      | Reached XP level 2. HP: 24/24 MP: 2/2
   151 | D:4      | Reached XP level 3. HP: 29/29 MP: 3/3
   151 | D:4      | Reached XP level 4. HP: 35/35 MP: 4/4
   209 | D:4      | Got the Collected Works on Toxic Conjuration
   219 | D:4      | Learned a level 1 spell: Sting
   243 | D:4      | Noticed Menkaure
   255 | D:4      | Killed Menkaure
   256 | D:4      | Reached XP level 5. HP: 40/41 MP: 5/5
   316 | D:4      | Noticed Ijyb
   334 | D:4      | Killed Ijyb
   335 | D:4      | Reached skill level 5 in Unarmed Combat
   617 | D:4      | Noticed a necrophage
   629 | D:4      | Killed a necrophage
   630 | D:4      | Reached skill level 1 in Evocations
   630 | D:4      | Reached XP level 6. HP: 29/47 MP: 6/6
  1609 | D:5      | Reached skill level 1 in Maces & Flails
  1609 | D:5      | Reached XP level 7. HP: 17/52 MP: 7/7
  1611 | D:5      | Reached skill level 2 in Maces & Flails
  1891 | D:5      | Reached skill level 3 in Maces & Flails
  1924 | D:5      | Found an opulent altar of Gozag.
  1961 | D:5      | Reached skill level 4 in Maces & Flails
  3587 | D:6      | Reached XP level 8. HP: 54/58 MP: 5/8
  3590 | D:6      | Reached skill level 5 in Maces & Flails
  4136 | D:6      | Noticed Sigmund
  4141 | D:6      | Killed Sigmund
  4142 | D:6      | Reached skill level 6 in Maces & Flails
  4154 | D:6      | Noticed Eustachio
  4214 | D:6      | Killed Eustachio
  4215 | D:6      | Reached skill level 7 in Maces & Flails
  4515 | D:6      | Found a staircase to the Ecumenical Temple.
  4534 | Temple   | Entered the Ecumenical Temple
  4744 | Temple   | Became a worshipper of Cheibriados the Contemplative
  4767 | D:6      | Found a shadowy altar of Dithmenos.
  5020 | D:7      | Reached XP level 9. HP: 48/63 MP: 9/9
  5112 | D:7      | Learned a level 2 spell: Corpse Rot
  5273 | D:7      | Reached skill level 1 in Necromancy
  5745 | D:7      | Found a bloodstained altar of Trog.
  5933 | D:7      | Learned a level 3 spell: Conjure Flame
  5963 | D:7      | Reached skill level 1 in Spellcasting
  6187 | D:7      | Learned a level 2 spell: Poisonous Vapours
  6400 | D:7      | Reached skill level 1 in Invocations
  6550 | D:7      | Reached skill level 1 in Poison Magic
  6822 | D:7      | Reached * piety under Cheibriados
  7780 | D:8      | Learned a level 4 spell: Dispel Undead
  8263 | D:8      | Found a staircase to the Lair.
  8264 | D:8      | Noticed a komodo dragon
  8293 | D:8      | Killed a komodo dragon
  8294 | D:8      | Reached skill level 1 in Armour
  8294 | D:8      | Reached skill level 5 in Necromancy
  8530 | D:8      | Found an ornate altar of the Wu Jian Council.
  8591 | D:8      | Reached skill level 8 in Maces & Flails
  8765 | D:8      | Found an ancient bone altar of Kikubaaqudgha.
  8897 | D:8      | Found Kezuokixiu's Weapon Shop.
  9669 | D:9      | Reached XP level 10. HP: 65/71 MP: 14/14
  9743 | D:9      | Noticed Harold
  9770 | D:9      | Killed Harold
  9771 | D:9      | Reached skill level 1 in Conjurations
  9771 | D:9      | Reached skill level 1 in Air Magic
  9780 | D:9      | Noticed a two-headed ogre
  9805 | D:9      | Killed a two-headed ogre
 10356 | D:9      | Reached ** piety under Cheibriados
 10549 | D:9      | Noticed Psyche
 10558 | D:9      | Killed Psyche
 10697 | D:9      | Noticed a two-headed ogre
 10737 | D:10     | Entered Level 10 of the Dungeon
 11315 | D:9      | Killed a two-headed ogre
 11315 | D:9      | Noticed a two-headed ogre
 11316 | D:9      | Reached skill level 5 in Spellcasting
 11320 | D:9      | Killed a two-headed ogre
 11321 | D:9      | Reached skill level 5 in Armour
 11324 | D:9      | Reached XP level 11. HP: 66/77 MP: 17/18
 11828 | D:10     | Noticed a white ugly thing
 11838 | D:10     | Killed a white ugly thing
 11839 | D:10     | Reached skill level 9 in Maces & Flails
 11924 | D:10     | Reached *** piety under Cheibriados
 12100 | D:10     | Noticed a two-headed ogre
 12110 | D:10     | Killed a two-headed ogre
 12407 | D:10     | Reached skill level 5 in Invocations
 12878 | D:11     | Noticed a two-headed ogre
 12889 | D:11     | Killed a two-headed ogre
 13511 | D:11     | Reached **** piety under Cheibriados
 13518 | D:11     | Noticed a sun demon
 13520 | D:11     | Slain by a sun demon

Illustrated notes

Levels and vault maps discovered:
D:4:      layout_basic, uniq_ijyb, uniq_menkaure
D:5:      layout_layer_cave, grunt_gozag_statues, minmay_misc_feat_plants
D:6:      layout_loops_ring, grunt_dithmenos_shadows, minmay_temple_entry_trees,
          minmay_misc_feat_cross, wad_woods_river_04, ldierk_geyser,
          minivault_24, grunt_decor_cap, kennysheep_generic_room_8,
          uniq_eustachio, uniq_sigmund
D:7:      minmay_chambers_of_fours, layout_basic, lightli_temple_of_fire,
          minmay_strange_pillars
D:8:      layout_gridville, pdpol_wu_jian_five_deadly_venoms,
          kiku_gazebo_garden_becter, david_lair_shrubbed, serial_shops, shop
D:9:      layout_cave_pools, minmay_fractal_squares_diagonal_5, uniq_harold,
          uniq_psyche
D:10:     layout_cave_pods
D:11:     wander_river, layout_long_grid, special_room [special_room_orc],
          nicolae_ru_great_annihilating_truth
Temple:   eino_temple_rhombus

Skill      XL: |  1  2  3  4  5  6  7  8  9 10 11 |
---------------+----------------------------------+-----
Unarmed Combat | 3 4 5 |  5.1
Evocations     | 1 3 |  3.0
Maces & Flails | 1 4 7 8 9 |  9.3
Necromancy     | 5 |  5.0
Spellcasting   | 3 5 |  5.0
Invocations    | 1 3 6 |  6.0
Poison Magic   | 1 2 |  2.0
Armour         | 2 5 6 |  6.4
Fighting       | 4 |  4.0
Conjurations   | 2 |  2.0
Air Magic      | 2 |  2.0
Dodging        | |  1.5
Stealth        | |  4.1

Action                   |  1- 3 |  4- 6 |  7- 9 | 10-12 || total
-------------------------+-------+-------+-------+-------++-------
Melee: Unarmed           |     4 |    25 |       |       ||    29
       Punch             |       |     5 |       |       ||     5
       Dire flail        |       |    54 |   237 |   208 ||   499
Throw: Throwing net      |       |       |       |     2 ||     2
 Cast: Sting             |       |     2 |    11 |       ||    13
       Poisonous Vapours |       |       |    29 |    44 ||    73
       Corpse Rot        |       |       |     1 |     9 ||    10
       Dispel Undead     |       |       |       |     7 ||     7
       Conjure Flame     |       |       |       |     1 ||     1
Evoke: Wand              |     3 |     6 |    14 |     5 ||    28
       Condenser vane    |       |       |       |     1 ||     1
       Box of beasts     |       |       |       |     1 ||     1
  Use: Scroll            |     1 |     3 |     8 |     7 ||    19
 Stab: Sleeping          |     1 |     1 |     3 |     1 ||     6
       Paralysed         |       |       |     1 |     7 ||     8
Armor: Leather armour    |     1 |    20 |    88 |    72 ||   181
       Troll leather arm |       |       |       |    37 ||    37
Dodge: Dodged            |     1 |    48 |   178 |   140 ||   367

Table legend: (Time is in decaauts)
 A = Elapsed time spent in this place.
 B = Non-inter-level travel time spent in this place.
 C = Inter-level travel time spent in this place.
 D = Time resting spent in this place.
 E = Time spent auto-exploring this place.
 F = Levels seen in this place.
 G = Mean time per level.
                   A        B        C        D        E       F      G
               +--------+--------+--------+--------+--------+-----+--------+
         Total |  15145 |  14506 |    639 |   4975 |   6827 |   9 | 1682.8 |
       Dungeon |  14914 |  14308 |    606 |   4975 |   6644 |   8 | 1864.2 |
        Temple |    231 |    198 |     33 |      0 |    183 |   1 |  231.0 |
               +--------+--------+--------+--------+--------+-----+--------+

Top non-repeatable levels by time:
     D:7: 3008 daAuts
     D:8: 2423 daAuts
     D:5: 2111 daAuts
     D:9: 1984 daAuts
    D:10: 1808 daAuts
     D:4: 1455 daAuts
     D:6: 1292 daAuts
    D:11: 830 daAuts
  Temple: 231 daAuts
